 Dungeon Crawl Stone Soup version 0.20.1-1-g8b1a95d (webtiles) character file.

52 darkhara the Firebug (level 3, 0/26 HPs)
             Began as a Demigod Fire Elementalist on Sept 6, 2017.
             Slain by a goblin
             ... wielding a +0 rapier
              (7 damage)
             ... on level 2 of the Dungeon.
             The game lasted 00:17:47 (1692 turns).

darkhara the Firebug (Demigod Fire Elementalist)    Turns: 1692, Time: 00:17:48

Health: 0/26       AC:  2    Str: 11    XL:     3   Next: 39%
Magic:  3/8        EV: 13    Int: 21    God:
Gold:   19         SH:  0    Dex: 16    Spells: 0/6 levels left

rFire    . . .     SeeInvis .   i - +0 whip
rCold    . . .     Gourm    .   (no shield)
rNeg     . . .     Faith    .   a - +0 robe
rPois    .         Spirit   .   (no helmet)
rElec    .         Reflect  .   (no cloak)
rCorr    .         Harm     .   (no gloves)
MR       .....                  (no boots)
Stlth    ++........             (no amulet)
Regen    0.1/turn               (no ring)
MPRegen  0.2/turn               (no ring)

@: no status effects
A: high mp 1
a: no special abilities


You were on level 2 of the Dungeon.
You were not hungry.

You visited 1 branch of the dungeon, and saw 3 of its levels.

You collected 19 gold pieces.

Inventory:

Hand Weapons
 i - a +0 whip (weapon)
 m - a +0 dagger
Missiles
 d - 50 stones (quivered)
Armour
 a - a +0 robe (worn)
 e - a +0 robe
 h - a +0 robe
 o - a +0 ring mail
Scrolls
 j - a scroll of identify {unknown}
Potions
 c - a potion of haste {unknown}
 f - a potion of mutation {unknown}
 k - a potion of curing {unknown}
 l - a potion of brilliance {unknown}
Books
 b - a book of Flames

   Spells                             Type                      Level
   a - Flame Tongue                   Conjuration/Fire             1
   b - Throw Flame                    Conjuration/Fire             2
   c - Conjure Flame                  Conjuration/Fire             3
   d - Inner Flame                    Hexes/Fire                   3
   e - Sticky Flame                   Conjuration/Fire             4
   f - Fireball                       Conjuration/Fire             5
Comestibles
 g - 3 fruits
 n - a bread ration
 p - a meat ration


   Skills:
 + Level 2.1 Dodging
 + Level 2.1 Stealth
 + Level 2.0 Spellcasting
 + Level 1.1 Conjurations
 * Level 3.5 Fire Magic


You couldn't memorise any spells.
You knew the following spells:

 Your Spells              Type           Power        Failure   Level  Hunger
a - Flame Tongue          Conj/Fire      ##...        5%          1    #......
b - Throw Flame           Conj/Fire      ##....       9%          2    ##.....
c - Conjure Flame         Conj/Fire      ##......     17%         3    ###....


Dungeon Overview and Level Annotations

Branches:
Dungeon (3/15)


Innate Abilities, Weirdness & Mutations

You have an increased reservoir of magic. (+10% MP)


Message History

The jackal barely misses you. The adder bites you.
The jackal closely misses you. The adder closely misses you.
The jackal completely misses you. The jackal closely misses you.
There is a stone staircase leading up here.
Casting: Throw Flame
Confirm with . or Enter, or press ? or * to list all spells.
You don't know that spell.
The adder misses you. The jackal bites you. The ooze barely misses you.
The adder closely misses you.
You climb upwards. 2 goblins come into view.
The goblin shouts! x2
The goblin misses you.
Found 10 gold pieces.
There is a stone staircase leading down here.
The jackal closely misses you. The adder bites you. The ooze hits you.
* * * LOW HITPOINT WARNING * * *
The jackal bites you but does no damage.
The goblin hits you with a rapier!
You die...

#......#
#......#
#......#
#......#
#......#
..###......
......Sh.# #@.#
.$..g.Jg.....#
...##.#..###...
#.#..# # #. .
.... #.# ##
.#.## #.# . .#
... .. .# #.#


You could see an ooze, an adder, a jackal and 2 goblins.

Vanquished Creatures
  2 adders (D:3)
  An ooze (D:2)
  2 dart slugs (D:1)
  A leopard gecko (D:3)
  An orc (D:3)
  A giant cockroach (D:1)
  3 hobgoblins (D:1)
  3 jackals
  3 bats
  2 goblins (D:1)
  2 kobolds (D:1)
  3 rats
24 creatures vanquished.

Vanquished Creatures (others)
  A goblin (D:1)
1 creature vanquished.

Grand Total: 25 creatures vanquished

Notes
Turn   | Place    | Note
-------+----------+-------------------------------------------
     0 | D:1      | darkhara the Demigod Fire Elementalist began the quest for the Orb.
     0 | D:1      | Reached XP level 1. HP: 14/14 MP: 5/5
    94 | D:1      | Reached skill level 1 in Conjurations
   430 | D:1      | Reached skill level 3 in Fire Magic
   430 | D:1      | Reached XP level 2. HP: 17/20 MP: 0/7
  1063 | D:2      | Learned a level 2 spell: Throw Flame
  1287 | D:3      | Reached XP level 3. HP: 26/26 MP: 2/8
  1478 | D:3      | Learned a level 3 spell: Conjure Flame
  1692 | D:2      | Slain by a goblin

Skill      XL: |  1  2 |
---------------+-------+-----
Conjurations   | 1 |  1.1
Stealth        | 2 |  2.1
Fire Magic     | 3 |  3.5
Dodging        | 2 |  2.1
Spellcasting   | 2 |  2.0

Action                   || total
-------------------------++-------
Melee: Whip              ||    17
 Cast: Flame Tongue      ||    29
       Throw Flame       ||    18
  Eat: Bread ration      ||     1
Armor: Robe              ||    23
Dodge: Dodged            ||    77
